 Dungeon Crawl Stone Soup version 0.23-b1-3-gdda8187c6f (webtiles) character file.

Game seed: 17976389956239483242

123640 Peloso the Peltast (level 16, -17/147 HPs)
             Began as a Minotaur Fighter on Feb 1, 2019.
             Was the Champion of Okawaru.
             Killed from afar by Frances (40 damage)
             ... with an iron shot
             ... on level 2 of the Swamp.
             The game lasted 01:28:57 (25783 turns).

Peloso the Peltast (Minotaur Fighter)              Turns: 25783, Time: 01:28:57

Health: -17/147    AC: 27    Str: 33    XL:     16   Next: 37%
Magic:  25/25      EV: 12    Int:  5    God:    Okawaru [******]
Gold:   2550       SH: 27    Dex: 21    Spells: 15/15 levels left

rFire    + . .     SeeInvis .   a - +6 long sword of Sunlight {slice, MP+9 Dex+4}
rCold    + + +     Gourm    .   R - +1 large shield {rC+}
rNeg     + . .     Faith    .   N - +6 gold dragon scales
rPois    +         Spirit   .   t - +2 hat
rElec    .         Reflect  .   S - scarf {cloud immunity}
rCorr    +         Harm     .   (no gloves)
MR       .....                  L - +0 pair of boots of Izunasaq {rC+ rCorr} (curse)
Stlth    ..........             w - amulet "Nyne" {Regen+ Str+3}
HPRegen  0.74/turn              s - ring "Etymotz" {rPois rN+ MR- Str+3 Dex+4}
MPRegen  0.19/turn              y - +2 ring of strength

@: slowed, very slow
A: retaliatory headbutt, horns 2
a: Heroism, Finesse, Renounce Religion


You were on level 2 of the Swamp.
You worshipped Okawaru.
Okawaru was exalted by your worship.
You were very hungry.

You visited 5 branches of the dungeon, and saw 26 of its levels.
You visited 1 bazaar.
You also visited: Bailey, Gauntlet and Ice Cave.

You collected 3549 gold pieces.
You spent 999 gold pieces at shops.

Inventory:

Hand Weapons
 a - the +6 long sword of Sunlight (weapon) {slice, MP+9 Dex+4}
   (Okawaru gifted it to you on level 13 of the Dungeon)

   It inflicts extra damage upon your enemies.
   It affects your dexterity (+4).
   It affects your magic capacity (+9).
 b - a +1 scimitar of flaming
 i - a +1 long sword of slicing
 z - the +10 zealot's sword {holy, *Rage rN+ EV+3}
   (Okawaru gifted it to you in a bailey)

   It has been blessed by the Shining One to cause great damage to the undead
   and demons.
   It affects your evasion (+3).
   It protects you from negative energy.
   It may make you go berserk in combat.
 O - a +4 demon blade of draining
Armour
 j - a +1 pair of boots
 m - a scarf of spirit shield
 t - a +2 hat (worn)
 L - the cursed +0 pair of boots of Izunasaq (worn) {rC+ rCorr}
   (You bought it in a shop on level 12 of the Dungeon)

   It protects you from cold.
   It provides partial protection from all sources of acid and corrosion.
   It has a curse placed upon it.
 N - +6 gold dragon scales (worn)
 R - a +1 large shield of cold resistance (worn)
 S - a scarf of cloud immunity (worn)
Jewellery
 o - an uncursed ring of flight
 q - a cursed -3 ring of protection {unknown}
 s - the ring "Etymotz" (left hand) {rPois rN+ MR- Str+3 Dex+4}
   (You found it on level 6 of the Lair of Beasts)

   [ring of positive energy]

   It affects your strength (+3).
   It affects your dexterity (+4).
   It protects you from poison.
   It protects you from negative energy.
   It affects your resistance to hostile enchantments.
 v - an uncursed ring of protection from fire
 w - the amulet "Nyne" (around neck) {Regen+ Str+3}
   (You found it on level 6 of the Lair of Beasts)

   [amulet of regeneration]

   It affects your strength (+3).
   It increases your rate of regeneration.
 y - a +2 ring of strength (right hand)
 D - the ring of the Ant {Ice rPois Slay+3}
   (You found it in a Gauntlet)

   [ring of ice]

   It enhances your ice magic.
   It affects your accuracy and damage with ranged weapons and melee attacks
   (+3).
   It makes you vulnerable to fire.
   It protects you from cold.
   It protects you from poison.
 E - an uncursed ring of protection from magic
 H - a +3 amulet of reflection
 I - the ring of Polikuuzo {Int+3 Stlth+}
   (You found it on level 7 of the Dungeon)

   [ring of intelligence]

   It affects your intelligence (+3).
   It makes you more stealthy.
 Z - an uncursed ring of see invisible {unknown}
Wands
 n - a wand of enslavement (24)
 W - a wand of disintegration (8)
Scrolls
 c - a scroll of enchant weapon
 h - a scroll of blinking
 k - 10 scrolls of teleportation
 p - 3 scrolls of identify
 r - 4 scrolls of fear
 x - 15 scrolls of remove curse
 B - 2 scrolls of fog {unknown}
 F - 3 scrolls of amnesia
 M - 2 scrolls of silence {unknown}
 U - 2 scrolls of enchant armour
 V - a scroll of noise
 X - a scroll of holy word
 Y - a scroll of magic mapping
Potions
 d - 3 potions of might
 e - 10 potions of curing
 g - 7 potions of agility
 l - 6 potions of brilliance
 u - 2 potions of berserk rage
 A - 3 potions of resistance
 C - 2 potions of cancellation
 G - 4 potions of flight
 J - 8 potions of heal wounds
 K - a potion of invisibility {unknown}
 P - a potion of ambrosia
 Q - 2 potions of magic
 T - 10 potions of mutation
Comestibles
 f - 53 rations


   Skills:
 + Level 14.7 Fighting
 + Level 16.9 Long Blades
 + Level 11.4 Armour
 + Level 9.4 Dodging
 + Level 5.6 Stealth
 + Level 20.2 Shields
 + Level 2.3 Invocations
 + Level 0.7 Evocations


You had 15 spell levels left.
You didn't know any spells.
Your spell library contained the following spells:

 Spells                   Type           Power        Failure   Level  Hunger
 Animate Skeleton         Necr           N/A          100%        1    ##.....
 Corona                   Hex            #......      100%        1    ##.....
 Flame Tongue             Conj/Fire      #....        100%        1    ##.....
 Pain                     Necr           #...         100%        1    ##.....
 Shock                    Conj/Air       #...         100%        1    ##.....
 Sting                    Conj/Pois      #...         100%        1    ##.....
 Blink                    Tloc           N/A          100%        2    ###....
 Ensorcelled Hibernation  Hex/Ice        #.....       100%        2    ###....
 Poisonous Vapours        Pois/Air       #.....       100%        2    ###....
 Shroud of Golubria       Chrm/Tloc      #.........   100%        2    ###....
 Swiftness                Chrm/Air       #.......     100%        2    ###....
 Confuse                  Hex            #.......     100%        3    ####...
 Conjure Flame            Conj/Fire      #.......     100%        3    ####...
 Dazzling Spray           Conj/Hex       #.....       100%        3    ####...
 Gell's Gravitas          Tloc           #.........   100%        3    ####...
 Lesser Beckoning         Tloc           #.........   100%        3    ####...
 Mephitic Cloud           Conj/Pois/Air  #.......     100%        3    ####...
 Ozocubu's Armour         Chrm/Ice       #.......     100%        3    ####...
 Regeneration             Chrm/Necr      #.........   100%        3    ####...
 Spectral Weapon          Hex/Chrm       #.......     100%        3    ####...
 Static Discharge         Conj/Air       #.......     100%        3    ####...
 Teleport Other           Tloc           #.......     100%        3    ####...
 Tukima's Dance           Hex            #.......     100%        3    ####...
 Vampiric Draining        Necr           #.........   100%        3    ####...
 Airstrike                Air            #.........   100%        4    #####..
 Animate Dead             Necr           N/A          100%        4    #####..
 Cause Fear               Hex            #.........   100%        4    #####..
 Olgreb's Toxic Radiance  Pois           #.......     100%        4    #####..
 Passage of Golubria      Tloc           N/A          100%        4    #####..
 Bolt of Draining         Conj/Necr      #.........   100%        5    ######.
 Irradiate                Conj/Tmut      #.........   100%        5    ######.
 Lightning Bolt           Conj/Air       #.........   100%        5    ######.
 Venom Bolt               Conj/Pois      #.........   100%        5    ######.
 Bolt of Fire             Conj/Fire      #.........   100%        6    #######
 Freezing Cloud           Conj/Ice/Air   #.........   100%        6    #######
 Hydra Form               Tmut           #.........   100%        6    #######
 Statue Form              Tmut/Erth      #........    100%        6    #######
 Dragon Form              Tmut           #.........   100%        7    #######
 Malign Gateway           Summ/Tloc      #.........   100%        7    #######
 Monstrous Menagerie      Summ           #.........   100%        7    #######
 Ring of Flames           Chrm/Fire      #.........   100%        7    #######
 Summon Greater Demon     Summ           #.........   100%        7    #######
 Ignition                 Fire           #.........   100%        8    #######
 Summon Horrible Things   Summ           #.........   100%        8    #######
 Dragon's Call            Summ           #.........   100%        9    #######


Dungeon Overview and Level Annotations

Branches:
Dungeon (15/15)            Temple (1/1) D:7            Lair (6/6) D:11
  Swamp (2/4) Lair:4        Snake (0/4) Lair:2        Slime (0/5) Lair:6
    Orc (2/2) D:12            Elf (0/3) Orc:2        Vaults (0/5) D:13
 Depths (0/5) D:15

Altars:
Ashenzari
Cheibriados
Dithmenos
Elyvilon
Gozag
Kikubaaqudgha
Nemelex Xobeh
Okawaru
Qazlal
Ru
Vehumet
Xom
Zin
The Shining One
Beogh

Shops:
D:6 *   D:9 [   D:10 [(!*   D:12 [   D:14 ((?:   Orc:1 !   Orc:2 *([[

Annotations:
Swamp:2 Frances


Innate Abilities, Weirdness & Mutations

You reflexively headbutt those who attack you in melee.
You have a pair of horns on your head.


Message History

You block the swamp dragon's attack. x2; The swamp dragon barely misses you.
Frances hits you but does no damage.
You slash Frances! You headbutt Frances!
Frances is moderately wounded.
The tyrant leech bites you but does no damage.
The swamp dragon bites you but does no damage.
The swamp dragon barely misses you. x2
Frances chants phrases taken from a devil's mouth.
The iron shot hits you!!
* * * LOW HITPOINT WARNING * * *
Your gold dragon scales prevents you from hitting Frances.
Frances is moderately wounded.
Frances chants phrases taken from a devil's mouth.
You block the shard of ice. You block the swamp dragon's attack.
The swamp dragon claws you but does no damage.
You block the swamp dragon's attack. The tyrant leech bites you.
* * * LOW HITPOINT WARNING * * *
Frances whispers indecipherable words.
The iron shot hits you!!!
You die...

≈. ♣♣♣♣≈≈≈.≈≈≈.♣ ≈.
♣♣..♣♣.≈≈§..≈...≈♣ ≈.≈
...≈.≈..≈...♣.≈≈.♣♣♣
≈..≈ ...≈≈≈..§...≈≈≈≈..≈
≈...♣ ♣≈≈##....§≈≈≈≈≈≈..
...≈w♣♣......≈..≈≈....≈♣
..≈≈.≈..........≈.....≈≈
≈.≈≈≈.Dw......≈≈≈≈....≈≈
#..@@...#..≈≈≈≈≈≈.≈≈.
...........#.≈≈≈≈†.≈≈...
≈..#########.≈≈≈≈≈.≈≈...
≈ ....≈≈≈).≈≈≈≈.
≈≈≈≈♣..).(≈≈..≈
.≈♣♣♣♣♣♣≈...♣♣♣ .♣
♣♣≈♣♣♣♣ ♣..(♣ ♣.<♣♣♣♣


You could see Frances, a swamp dragon and 2 tyrant leeches.

Vanquished Creatures
  Rupert (D:14)
  A frost giant (IceCv)
  An orc warlord (Orc:1)
  The ghost of Teryn the Corrupter of Planes, a journeyman DsAK of Lugonu (Orc:1)
  The ghost of Thargor the Fighter, a journeyman DsBe of Trog (D:12)
  A minotaur (Gauntlet)
  Josephine (D:13)
  A yaktaur captain (D:15)
  9 hydras
  A rakshasa (D:12)
  Erolcha (D:9)
  4 alligators
  5 centaur warriors
  2 catoblepae
  Erica (D:8)
  10 two-headed ogres
  5 death yaks (D:11)
  An ogre mage (D:14)
  A tengu warrior (D:13)
  Sonja (Lair:3)
  A deep elf knight (D:15)
  A fire crab (shapeshifter) (D:14)
  2 glowing orange brains (Gauntlet)
  Pikel (D:6)
  A necromancer (Lair:2)
  A wolf spider zombie (D:15)
  10 ugly things
  7 orc knights
  2 oklob plants (Lair:6)
  3 wolf spiders (D:15)
  A deep elf mage (D:14)
  5 manticores
  3 cyclopes
  A rust devil (Gauntlet)
  5 black mambas
  2 ice statues (IceCv)
  A smoke demon (Gauntlet)
  12 elephants
  2 centaur zombies
  3 gargoyles
  20 spiny frogs
  A spiny frog (shapeshifter) (D:13)
  6 komodo dragons
  4 rime drakes
  5 trolls
  2 tengu conjurers
  14 polar bears
  7 hornets
  7 tyrant leeches
  25 blink frogs
  16 slime creatures
  7 hippogriffs
  4 dream sheep (Lair:4)
  2 bog bodies
  Sigmund (D:6)
  14 spriggans
  44 yaks
  5 wyverns
  2 hungry ghosts
  A vampire (D:13)
  A ynoxinul (Gauntlet)
  A hog (shapeshifter) (D:15)
  6 wraiths
  A basilisk (shapeshifter) (D:14)
  Eustachio (D:5)
  2 hogs (D:8)
  5 basilisks
  A human (D:8)
  16 vampire mosquitoes
  5 insubstantial wisps (Swamp:2)
  3 nagas (Lair:2)
  4 swamp worms
  A warg (Orc:1)
  13 water moccasins
  9 porcupines
  49 orc warriors
  2 black bears
  2 phantoms
  An eye of draining (D:11)
  6 sky beasts
  11 ice beasts
  2 swamp drakes
  11 ogres
  32 centaurs
  25 wolves
  3 boggarts (D:13)
  7 crocodiles
  3 big kobolds
  38 bullfrogs
  A wyvern zombie (D:6)
  A gnoll sergeant (D:12)
  A wyvern skeleton (D:14)
  2 jellies
  3 scorpions
  A water moccasin skeleton (D:5)
  5 killer bees (D:7)
  16 wights
  7 howler monkeys
  2 electric eels (Lair:5)
  6 crimson imps
  A bullfrog zombie (D:6)
  2 bullfrog skeletons
  9 hounds
  2 quasits
  Crazy Yiuf (D:2)
  4 centaur skeletons
  25 orc priests
  2 iron imps (Gauntlet)
  20 orc wizards
  7 iguanas
  9 worker ants
  A yak simulacrum (Lair:2)
  6 wolf simulacra (Lair:2)
  A bullfrog simulacrum (D:12)
  2 worker ant zombies
  8 gnolls
  16 adders
  3 shadow imps
  An ooze (D:1)
  An adder skeleton (D:6)
  3 worms
  2 dart slugs (D:2)
  3 leopard geckos
  95 orcs
  A ball python (D:2)
  5 giant cockroaches
  4 goblins
  7 hobgoblins
  11 jackals
  21 kobolds
  4 quokkas
  6 bats
  3 frilled lizards
  A jackal zombie (D:5)
  A leopard gecko skeleton (D:4)
  A leopard gecko zombie (D:8)
  5 rats
  4 river rat simulacra (Lair:2)
  2 fungi (D:2)
  17 plants (Lair:5)
923 creatures vanquished.

Vanquished Creatures (others)
  A swamp drake (Lair:4)
  4 slaves (D:6)
  A hound (D:6)
  An orc priest (D:6)
  2 orc wizards (D:6)
  A centaur skeleton (D:6)
  6 orcs
  A kobold (D:10)
  3 fungi
  19 plants
39 creatures vanquished.

Grand Total: 962 creatures vanquished

Notes
Turn   | Place    | Note
-------+----------+-------------------------------------------
     0 | D:1      | Peloso the Minotaur Fighter began the quest for the Orb.
     0 | D:1      | Reached XP level 1. HP: 19/19 MP: 0/0
   327 | D:1      | Reached skill level 4 in Shields
   331 | D:1      | Reached XP level 2. HP: 27/27 MP: 1/1
   743 | D:2      | Reached XP level 3. HP: 33/33 MP: 2/2
   997 | D:2      | Found a sparkling altar of Nemelex Xobeh.
  1017 | D:2      | Reached XP level 4. HP: 37/40 MP: 3/3
  1203 | D:2      | Found a runed translucent door.
  1204 | D:2      | Noticed Crazy Yiuf
  1211 | D:2      | Killed Crazy Yiuf
  1324 | D:3      | Reached XP level 5. HP: 46/46 MP: 4/4
  1526 | D:3      | Reached skill level 5 in Shields
  1824 | D:3      | Found a shattered altar of Ashenzari.
  1827 | D:3      | Found an opulent altar of Gozag.
  1830 | D:3      | Found a glowing silver altar of Zin.
  2006 | D:4      | Reached skill level 5 in Long Blades
  2276 | D:4      | Reached XP level 6. HP: 42/52 MP: 5/5
  2365 | D:4      | Found a shattered altar of Ashenzari.
  2369 | D:4      | Saw a vision of the Swamp and the Snake Pit.
  2369 | D:4      | Noticed a mana viper
  2369 | D:4      | Noticed an alligator
  2369 | D:4      | Noticed a naga mage
  2369 | D:4      | Noticed a naga mage
  2369 | D:4      | Noticed a naga
  2369 | D:4      | Noticed a naga mage
  2369 | D:4      | Noticed a naga
  2369 | D:4      | Noticed a swamp drake
  2369 | D:4      | Noticed a shock serpent
  2369 | D:4      | Noticed a water moccasin
  2370 | D:4      | Noticed a salamander
  2512 | D:4      | Reached skill level 6 in Shields
  2604 | D:4      | Reached skill level 5 in Armour
  2655 | D:5      | Entered Level 5 of the Dungeon
  2697 | D:5      | Reached skill level 1 in Dodging
  2731 | D:5      | Got a shimmering leather armour
  2742 | D:5      | Identified the +3 leather armour "Vaoteal" {rElec Str+5
                  | Dex+8} (You found it on level 5 of the Dungeon)
  2767 | D:5      | Reached XP level 7. HP: 60/60 MP: 6/6
  2845 | D:5      | Noticed Eustachio
  2885 | D:5      | Killed Eustachio
  3050 | D:5      | Found a shadowy altar of Dithmenos.
  3184 | D:5      | Reached skill level 7 in Shields
  3236 | D:6      | Noticed Pikel
  3252 | D:6      | Killed Pikel
  3252 | D:6      | Reached skill level 5 in Fighting
  3252 | D:6      | Reached skill level 1 in Stealth
  3252 | D:6      | Reached XP level 8. HP: 66/68 MP: 7/7
  3291 | D:6      | Found Tupt's Assorted Antiques.
  3318 | D:6      | Reached skill level 8 in Shields
  3878 | D:6      | Noticed Sigmund
  3890 | D:6      | Killed Sigmund
  3914 | D:6      | Noticed a gargoyle
  3924 | D:6      | Killed a gargoyle
  3924 | D:6      | Reached XP level 9. HP: 60/74 MP: 8/8
  3996 | D:6      | Reached skill level 9 in Shields
  4784 | D:7      | Reached skill level 10 in Long Blades
  4930 | D:7      | Found a staircase to the Ecumenical Temple.
  4944 | Temple   | Entered the Ecumenical Temple
  4980 | Temple   | Became a worshipper of Warmaster Okawaru
  5122 | D:7      | Reached skill level 5 in Dodging
  5129 | D:7      | Got a glittering marble ring
  5131 | D:7      | Identified the ring of Polikuuzo {Int+3 Stlth+} (You found
                  | it on level 7 of the Dungeon)
  5410 | D:8      | Reached skill level 10 in Shields
  5458 | D:8      | Noticed a two-headed ogre
  5468 | D:8      | Killed a two-headed ogre
  5468 | D:8      | Reached * piety under Okawaru
  5468 | D:8      | Reached XP level 10. HP: 55/86 MP: 5/9
  5682 | D:8      | Noticed a two-headed ogre
  5694 | D:8      | Killed a two-headed ogre
  5694 | D:8      | Reached ** piety under Okawaru
  5758 | D:8      | Noticed Erica
  5773 | D:8      | Killed Erica
  5853 | D:8      | Reached *** piety under Okawaru
  6711 | D:9      | Reached **** piety under Okawaru
  6782 | D:9      | Noticed Erolcha
  6791 | D:9      | Killed Erolcha
  6791 | D:9      | Reached XP level 11. HP: 69/94 MP: 10/10
  6898 | D:9      | Noticed a two-headed ogre
  6907 | D:9      | Killed a two-headed ogre
  6907 | D:9      | Reached skill level 11 in Shields
  6935 | D:9      | Found a snail-covered altar of Cheibriados.
  7219 | D:9      | Found Ihebryoco's Armour Shoppe.
  7593 | D:9      | Bought the +3 chain mail of the Lute {Str+3} for 426 gold
                  | pieces
  7635 | D:10     | Entered Level 10 of the Dungeon
  7635 | D:10     | Found Kestuv's Antique Armour Emporium.
  7912 | D:10     | Found Kusosch's Weapon Boutique.
  8273 | D:10     | Reached ***** piety under Okawaru
  8382 | D:10     | Found Kukhla's Distillery.
  8385 | D:10     | Bought a potion of flight for 39 gold pieces
  8385 | D:10     | Bought a potion of degeneration for 13 gold pieces
  8385 | D:10     | Bought a potion of mutation for 104 gold pieces
  8405 | D:10     | Identified the +3 long sword of Radicalism {pain, Dex+2
                  | SInv}
  8477 | D:10     | Found Joelyij's General Store.
  8562 | D:11     | Found a frozen archway.
  8624 | IceCv    | Entered an ice cave
  8770 | IceCv    | Received a gift from Okawaru
  9067 | IceCv    | Noticed a frost giant
  9385 | IceCv    | Reached XP level 12. HP: 96/105 MP: 9/11
  9401 | IceCv    | Reached skill level 12 in Shields
  9477 | IceCv    | Killed a frost giant
  9477 | IceCv    | Reached skill level 10 in Fighting
  9930 | D:11     | Noticed a six-headed hydra
  9945 | D:11     | Killed a three-headed hydra
  9945 | D:11     | Reached ****** piety under Okawaru
  9945 | D:11     | Received a gift from Okawaru
 10159 | D:11     | Noticed a seven-headed hydra
 10187 | D:11     | Killed a four-headed hydra
 10234 | D:11     | Noticed a death yak
 10235 | D:11     | Noticed a death yak
 10235 | D:11     | Noticed a death yak
 10236 | D:11     | Noticed a death yak
 10237 | D:11     | Noticed a death yak
 10248 | D:11     | Killed a death yak
 10258 | D:11     | Killed a death yak
 10258 | D:11     | Reached skill level 13 in Shields
 10266 | D:11     | Killed a death yak
 10266 | D:11     | Reached skill level 5 in Stealth
 10278 | D:11     | Killed a death yak
 10281 | D:11     | Killed a death yak
 10497 | D:11     | Found a staircase to the Lair.
 10834 | Lair:1   | Entered Level 1 of the Lair of Beasts
 10952 | Lair:1   | Reached XP level 13. HP: 82/116 MP: 8/12
 10973 | Lair:1   | Received a gift from Okawaru
 11829 | Lair:2   | Found a gate leading to a gauntlet.
 11839 | Gauntlet | Entered a Gauntlet
 11839 | Gauntlet | Found a transporter.
 11848 | Gauntlet | Found a transporter.
 11865 | Gauntlet | Found a transporter.
 11865 | Gauntlet | Found a transporter.
 11867 | Gauntlet | Found a transporter.
 11871 | Gauntlet | Found a transporter.
 11889 | Gauntlet | Found a transporter.
 11891 | Gauntlet | Found a transporter.
 11940 | Gauntlet | Found a transporter.
 11952 | Gauntlet | Reached skill level 1 in Invocations
 11981 | Gauntlet | Got a transparent lead ring
 11983 | Gauntlet | Identified the ring of the Ant {Ice rPois Slay+3} (You
                  | found it in a Gauntlet)
 12002 | Gauntlet | Found a transporter.
 12022 | Gauntlet | Found a transporter.
 12034 | Gauntlet | Found a transporter.
 12046 | Gauntlet | Found a transporter.
 12058 | Gauntlet | Found a transporter.
 12090 | Gauntlet | Noticed a minotaur
 12106 | Gauntlet | Killed a minotaur
 12106 | Gauntlet | Reached skill level 15 in Long Blades
 12118 | Gauntlet | Identified the Grimoire of Lethal Fire
 12127 | Gauntlet | Identified the Incunabulum of Augmentations
 12159 | Gauntlet | Got a slimy glaive
 12160 | Gauntlet | Identified the +3 glaive of Xom's Righteous Anger {drain,
                  | rPois Int+4 Dex-5} (You found it in a Gauntlet)
 12656 | Lair:2   | Reached skill level 14 in Shields
 12818 | Lair:2   | Found a staircase to the Snake Pit.
 13708 | Lair:3   | Noticed Sonja
 13839 | Lair:3   | Found a shadowy altar of Dithmenos.
 13904 | Lair:3   | Received a gift from Okawaru
 14137 | Lair:3   | Killed Sonja
 14719 | Lair:4   | Reached skill level 15 in Shields
 14780 | Lair:4   | Found a staircase to the Swamp.
 15352 | Lair:4   | Received a gift from Okawaru
 15468 | Lair:5   | Reached XP level 14. HP: 127/127 MP: 14/14
 15508 | Lair:5   | Found the +8 storm bow {elec}
 16904 | Lair:6   | Entered Level 6 of the Lair of Beasts
 17145 | Lair:5   | Reached skill level 16 in Shields
 17229 | Lair:5   | Received a gift from Okawaru
 18073 | Lair:6   | Found a staircase to the Slime Pits.
 18569 | Lair:6   | Got a bound tin ring
 18757 | Lair:6   | Got a coiled amethyst amulet
 18927 | Lair:6   | Identified the ring "Etymotz" {rPois rN+ MR- Str+3 Dex+4}
                  | (You found it on level 6 of the Lair of Beasts)
 18928 | Lair:6   | Identified the amulet "Nyne" {Regen+ Str+3} (You found it
                  | on level 6 of the Lair of Beasts)
 19198 | D:12     | Reached skill level 17 in Shields
 19253 | D:12     | Received a gift from Okawaru
 19342 | D:12     | Found a staircase to the Orcish Mines.
 19343 | D:12     | Found Jouqudic's Armour Emporium.
 19412 | D:12     | Bought the cursed +0 pair of boots of Izunasaq {rC+ rCorr}
                  | for 253 gold pieces
 19518 | D:12     | Found a runed translucent door.
 19519 | D:12     | Noticed Thargor's ghost (journeyman DsBe)
 19601 | D:12     | Killed Thargor's ghost
 19829 | Orc:1    | Entered Level 1 of the Orcish Mines
 19894 | Orc:1    | Found Esytatol's Distillery.
 19964 | Orc:2    | Entered Level 2 of the Orcish Mines
 19992 | Orc:2    | Noticed an orc warlord
 20195 | Orc:1    | Killed an orc warlord
 20345 | Orc:2    | Found a staircase to the Elven Halls.
 20421 | Orc:2    | Reached XP level 15. HP: 121/136 MP: 15/15
 20708 | Orc:2    | Found Ciqisutu's Armour Shoppe.
 20708 | Orc:2    | Found Boquroc's Weapon Shop.
 20710 | Orc:2    | Found Ijothripp's Assorted Antiques.
 20712 | Orc:2    | Found Guinal's Antique Armour Emporium.
 20756 | Orc:2    | Found a roughly hewn altar of Beogh.
 21160 | Orc:1    | Found a runed translucent door.
 21160 | Orc:1    | Noticed Teryn's ghost (journeyman DsAK)
 21266 | Orc:1    | Killed Teryn's ghost
 21441 | D:13     | Reached skill level 18 in Shields
 21546 | D:13     | Received a gift from Okawaru
 21561 | D:13     | Reached skill level 10 in Armour
 21901 | D:13     | Noticed Josephine
 21914 | D:13     | Killed Josephine
 21914 | D:13     | Received a gift from Okawaru
 21941 | D:13     | Got a smoking long sword {god gift}
 21942 | D:13     | Identified the +6 long sword of Sunlight {slice, MP+9
                  | Dex+4} (Okawaru gifted it to you on level 13 of the
                  | Dungeon)
 22434 | D:13     | Found a gate to the Vaults.
 22473 | D:14     | Found a flagged portal.
 22478 | D:14     | You fall through a shaft!
 22478 | D:15     | Entered Level 15 of the Dungeon
 22511 | D:14     | Found Boilufie's Magic Scroll Emporium.
 22530 | D:14     | Found Vyehesim's Weapon Shop.
 22544 | D:14     | Found Siath's Book Emporium.
 22560 | D:14     | Found a flickering gateway to a bazaar.
 22577 | Bazaar   | Entered a bazaar
 22577 | Bazaar   | Found Siteas's Book Shop.
 22577 | Bazaar   | Found Foefasti's Armour Emporium.
 22594 | Bazaar   | Found Bufaim's Antique Weapon Emporium.
 22608 | Bazaar   | Found Yngaisya's General Store.
 22612 | Bazaar   | Found Ynarho's Food Shop.
 22703 | Bailey   | Entered a bailey
 22755 | Bailey   | Received a gift from Okawaru
 22756 | Bailey   | Found the +10 zealot's sword {holy, *Rage rN+ EV+3}
 23014 | D:14     | Noticed Rupert
 23038 | D:14     | Killed Rupert
 23038 | D:14     | Reached skill level 19 in Shields
 23181 | D:14     | Found Viq Umog's Antique Weapon Boutique.
 23649 | D:14     | Bought a scroll of magic mapping for 52 gold pieces
 23649 | D:14     | Bought a scroll of enchant armour for 112 gold pieces
 23994 | D:14     | Received a gift from Okawaru
 24060 | D:15     | Reached XP level 16. HP: 121/147 MP: 16/16
 24325 | D:15     | Found a staircase to the Depths.
 24836 | Swamp:1  | Entered Level 1 of the Swamp
 25084 | Swamp:1  | Reached skill level 20 in Shields
 25116 | Swamp:1  | Received a gift from Okawaru
 25772 | Swamp:2  | Noticed Frances
 25783 | Swamp:2  | Killed from afar by Frances

Skill      XL: |  1  2  3  4  5  6  7  8  9 10 11 12 13 14 15 16 |
---------------+-------------------------------------------------+-----
Shields        | 4 5 6 7 8 10 11 13 15 17 19 20 | 20.2
Armour         | 4 5 6 7 8 9 10 11 | 11.4
Fighting       | 4 5 7 8 9 11 12 13 14 | 14.7
Long Blades    | 3 4 5 6 7 9 10 12 14 15 16 | 16.9
Dodging        | 1 3 4 5 6 7 8 9 |  9.4
Stealth        | 1 3 4 5 |  5.6
Invocations    | 2 |  2.3
Evocations     | |  0.7

Action                   |  1- 3 |  4- 6 |  7- 9 | 10-12 | 13-15 | 16-18 || total
-------------------------+-------+-------+-------+-------+-------+-------++-------
Melee: Long sword        |    79 |   142 |   243 |   115 |   549 |   243 ||  1371
       Headbutt          |    14 |    28 |    87 |   196 |   560 |    86 ||   971
       Scimitar          |       |       |       |   441 |    66 |     3 ||   510
       Demon blade       |       |       |       |       |  1145 |       ||  1145
       Eudemon blade     |       |       |       |       |    46 |       ||    46
Invok: Heroism           |       |       |       |     4 |     5 |       ||     9
       Finesse           |       |       |       |       |     1 |       ||     1
Evoke: Wand              |       |       |       |       |     7 |       ||     7
  Use: Scroll            |     5 |     2 |     3 |    10 |    18 |       ||    38
       Potion            |       |     1 |       |     2 |     3 |       ||     6
 Stab: Sleeping          |       |       |     1 |    19 |     3 |       ||    23
       Distracted        |       |       |       |     2 |       |       ||     2
       Confused          |       |       |       |       |     1 |       ||     1
  Eat: Chunk             |       |     6 |    11 |    17 |    38 |     5 ||    77
       Ration            |       |       |       |       |     2 |       ||     2
Armor: Scale mail        |     9 |       |       |       |       |       ||     9
       Chain mail        |    36 |    80 |       |       |       |       ||   116
       Leather armour    |       |     1 |    62 |    51 |     4 |       ||   118
       Gold dragon scale |       |       |       |       |   654 |   144 ||   798
Dodge: Dodged            |    20 |    41 |   121 |   226 |   341 |    91 ||   840
Block: Shield            |    72 |    87 |   152 |   227 |       |       ||   538
       Large shield      |       |       |       |   125 |  2028 |   408 ||  2561
       Rpst.: Long sword |    10 |     9 |    28 |    13 |    21 |    12 ||    93
       Scimitar          |       |       |       |    23 |     4 |       ||    27
       Demon blade       |       |       |       |       |    59 |       ||    59
       Eudemon blade     |       |       |       |       |     2 |       ||     2
